 Dungeon Crawl Stone Soup version 0.28.0-49-g6dfe1f597d (webtiles) character file.

Game seed: 6610637024246120137

36 Keeper01 the Slasher (level 3, -4/28 HPs)
             Began as a Gnoll Wanderer on May 11, 2022.
             Succumbed to a kobold brigand's curare-tipped dart
             ... on level 4 of the Dungeon.
             The game lasted 00:05:00 (1654 turns).

Keeper01 the Slasher (Gnoll Wanderer)               Turns: 1654, Time: 00:05:01

Health: -4/28      AC:  3    Str: 13    XL:     3   Next: 37%
Magic:  7/7        EV: 10    Int:  8    God:
Gold:   63         SH:  4    Dex: 14    Spells: 6/7 levels left

rFire   . . .      SeeInvis .   a - +0 falchion
rCold   . . .      Faith    .   b - +0 buckler
rNeg    . . .      Spirit   .   d - +0 leather armour
rPois   .          Reflect  .   (no helmet)
rElec   .          Harm     .   (no cloak)
rCorr   .          Rampage  .   (no gloves)
Will    .....                   (no boots)
Stlth   ++........              (no amulet)
HPRegen 0.09/turn               (no ring)
MPRegen 0.10/turn               (no ring)

@: lethally poisoned (-4 -> -20), slowed, very slow
A: fangs 1, strong nose, distributed training
a: no special abilities


You were on level 4 of the Dungeon.
You visited 1 branch of the dungeon, and saw 3 of its levels.

You collected 63 gold pieces.

Inventory:

Hand Weapons
 a - a +0 falchion (weapon)
 k - a +1 dagger of draining
Missiles
 c - 86 stones
Armour
 b - a +0 buckler (worn)
 d - a +0 leather armour (worn)
Scrolls
 g - a scroll of enchant weapon {unknown}
 h - a scroll of immolation {unknown}
 i - a scroll of blinking {unknown}
 m - a scroll of fear {unknown}
Potions
 e - a potion of flight {unknown}
 f - 2 potions of curing {unknown}
 j - a potion of degeneration {unknown}
 l - a potion of haste {unknown}
 n - a potion of attraction {unknown}


   Skills:
 + Level 2.6 Fighting
 + Level 0.7 Short Blades
 + Level 4.5 Long Blades
 + Level 0.7 Axes
 + Level 0.7 Maces & Flails
 + Level 0.7 Polearms
 + Level 0.7 Staves
 + Level 0.7 Slings
 + Level 0.7 Bows
 + Level 0.7 Crossbows
 + Level 0.7 Throwing
 + Level 2.6 Armour
 + Level 0.7 Dodging
 + Level 2.3 Stealth
 + Level 2.6 Shields
 + Level 0.7 Unarmed Combat
 + Level 2.8 Spellcasting
 + Level 0.5 Conjurations
 + Level 0.5 Hexes
 + Level 0.5 Summonings
 + Level 0.5 Necromancy
 + Level 0.5 Translocations
 + Level 0.5 Transmutations
 + Level 0.5 Fire Magic
 + Level 0.5 Ice Magic
 + Level 0.5 Air Magic
 + Level 3.7 Earth Magic
 + Level 0.5 Poison Magic
 + Level 2.6 Invocations
 + Level 0.7 Evocations


You had 6 spell levels left.
You knew the following spells:

 Your Spells              Type           Power      Damage    Failure   Level
a - Sandblast             Erth           14%        2d6       12%         1

Your spell library contained the following spells:

 Spells                   Type           Power      Damage    Failure   Level
 Animate Armour           Summ/Erth      8%         N/A       92%         4
 Leda's Liquefaction      Hex/Erth       2%         N/A       92%         4


Dungeon Overview and Level Annotations

Branches:
Dungeon (2/15)

Altars:
Makhleb


Innate Abilities, Weirdness & Mutations

You have very sharp teeth.
Your uncanny sense of smell can sniff out nearby items.
Your experience applies equally to all skills.


Message History

You closely miss the bat. The bat hits you but does no damage.
The bat closely misses you. The bat hits you.
You miss the bat. The bat closely misses you.
The bat hits you but does no damage.
You slash the bat!
You kill the bat!
Found a scroll labelled IGEMIA BYGE and a robe.
m - a scroll labelled IGEMIA BYGE You see here a +0 robe.
Found a bubbling white potion.
n - a bubbling white potion
Found a stone staircase leading up.
There is a shaft here.
You fall into a shaft and drop 2 floors!
The shaft crumbles and collapses.
The centaur shouts!
The kobold shouts!
Found a forked silver wand.
A kobold brigand comes into view.
It is wielding a +0 dagger of holy wrath and quivering curare-tipped darts.
You see here a wand of digging (9).
The centaur wields a +0 shortbow.
The centaur shoots an arrow.
The arrow hits you! The dart slug launches a dart at you.
The slug dart misses you.
The kobold brigand shouts!
The centaur shoots an arrow.
You block the arrow.
The kobold brigand throws a curare-tipped dart.
The curare-tipped dart hits you.
You are lethally poisoned!
You have difficulty breathing.
You feel yourself slow down.
* * * LOW HITPOINT WARNING * * *
You feel extremely sick.
An adder comes into view.
The centaur unwields a +0 shortbow.
You block the centaur's attack.
The centaur kicks you but does no damage.
The dart slug launches a dart at you. The slug dart hits you.
* * * LOW HITPOINT WARNING * * *
Unknown command.
You die...

...........
..........∆
#........
#.....S. #......#
#......#
#......########
#...K@.........
.........c.......
....K..../.......
..S..............
.................
#######..........
#.g........
#w.........
...........


You could see a kobold brigand, a centaur, an adder (wandering), a dart slug, a
goblin (wandering), a ball python (wandering) and a kobold.

Vanquished Creatures
  An adder (D:2)
  2 ball pythons (D:2)
  3 bats
  An endoplasm (D:1)
  4 giant cockroaches (D:1)
  2 hobgoblins (D:2)
  3 quokkas (D:2)
  2 frilled lizards
  A goblin (D:2)
  3 kobolds
  4 rats
26 creatures vanquished.

Vanquished Creatures (others)
  14 plants (D:2)
14 creatures vanquished.

Grand Total: 40 creatures vanquished

Notes
Turn   | Place    | Note
-------+----------+-------------------------------------------
     0 | D:1      | Keeper01 the Gnoll Wanderer began the quest for the Orb.
     0 | D:1      | Keeper01 set off with the following items: a +0 falchion, a
                  | +0 buckler, 23 stones, a +0 leather armour; and the
                  | following spell memorised: Sandblast; and the following
                  | spells available to memorise: Animate Armour, Leda's
                  | Liquefaction
     0 | D:1      | Reached XP level 1. HP: 17/17 MP: 4/4
    86 | D:1      | Reached XP level 2. HP: 22/23 MP: 5/5
   425 | D:1      | Found a faded altar of an unknown god.
   747 | D:1      | You fall into a shaft and drop 1 floor!
  1054 | D:2      | Reached XP level 3. HP: 26/28 MP: 7/7
  1198 | D:2      | Found a burning altar of Makhleb.
  1649 | D:2      | You fall into a shaft and drop 2 floors!
  1649 | D:4      | Noticed a centaur
  1650 | D:4      | Noticed a kobold brigand
  1653 | D:4      | HP: 1/28 [dart slug/slug dart (5)]
  1654 | D:4      | Succumbed to a kobold brigand's curare-tipped dart

Illustrated notes

Levels and vault maps discovered:
D:1:      dpeg_arrival_prison, layout_basic, dreamdust_ecumenical_altar_statues
D:2:      layout_basic, basic_altar, serial_bayou, serial_bayou_pond_c,
          serial_bayou_lagoon_b, serial_bayou_pond_c, serial_bayou_lake_a,
          serial_bayou_ford_a, serial_bayou_lagoon_a
D:4:      layout_basic, tgw_sif, nzn_wu_jian_council_hall, minmay_box_of_dots

Action                   || total
-------------------------++-------
Melee: Falchion          ||   100
       Bite              ||    13
 Stab: Sleeping          ||     2
Armor: Leather armour    ||    25
Dodge: Dodged            ||    49
Block: Buckler           ||    26
